 Dungeon Crawl Stone Soup version 0.31-a0-716-gc7603755dd (webtiles) character file.

Game seed: 4163309693757723309

702 dialectric the Cudgeller (level 7, -2/82 HPs)
             Began as a Demonspawn Berserker on Sept 11, 2023.
             Was a Priest of Trog.
             Slain by an orc warrior
             ... wielding a +0 trident
              (8 damage)
             ... on level 7 of the Dungeon.
             The game lasted 00:03:43 (3015 turns).

dialectric the Cudgeller (Demonspawn Berserker)     Turns: 3015, Time: 00:03:43

Health: -2/82      AC:  8    Str: 19    XL:     7   Next: 39%
Magic:  7/7        EV: 11    Int: 12    God:    Trog [***...]
Gold:   216        SH:  0    Dex: 12    Spells: 6/6 levels left

rFire   . . .        s - +3 short sword of Bodily Humours {venom, Int+3}
rCold   . . .        (no shield)
rNeg    . . .        g - +0 scale mail
rPois   .            (no helmet)
rElec   .            u - +0 cloak
rCorr   .            (no gloves)
SInv    .            (no boots)
Will    .....        (no amulet) Stlth
                     (no ring)
HPRegen 0.33/turn    (no ring)
MPRegen 0.10/turn

%: no passive effects
@: berserking (expiring), very quick
A: claws 2, spiny 2, inability to drink after injury 1
a: Renounce Religion, Berserk, Trog's Hand


You were on level 7 of the Dungeon.
You worshipped Trog.
Trog was most pleased with you.
You visited 1 branch of the dungeon, and saw 6 of its levels.

You collected 216 gold pieces.

Inventory:

Hand Weapons
 a - a +0 mace
 s - the +3 short sword of Bodily Humours (weapon) {venom, Int+3}
   (You found it on level 4 of the Dungeon)

   Int+3:     It affects your intelligence (+3).
Missiles
 v - a curare-tipped dart
Armour
 b - a +0 animal skin
 g - a +0 scale mail (worn)
 u - a +0 cloak (worn)
Jewellery
 y - a ring of resist corrosion
Talismans
 r - a maw talisman
 w - a flux talisman
Scrolls
 c - 5 scrolls of identify
 d - a scroll of enchant armour {unknown}
 e - 2 scrolls of blinking {unknown}
 i - a scroll of revelation {unknown}
 j - a scroll of amnesia {unknown}
 k - 2 scrolls of brand weapon {unknown}
 n - a scroll of teleportation {unknown}
 o - a scroll of fear {unknown}
 q - 2 scrolls of immolation {unknown}
 x - a scroll of noise {unknown}
Potions
 f - 2 potions of enlightenment
 h - a potion of resistance {unknown}
 l - a potion of curing
 m - a potion of invisibility {unknown}
 p - a potion of brilliance {unknown}
 t - 2 potions of ambrosia {unknown}
 z - a potion of haste {unknown}


   Skills:
 + Level 4.3 Fighting
 + Level 1.9 Short Blades
 - Level 5.0 Maces & Flails
 + Level 3.8 Armour
 * Level 3.7 Dodging


You had 6 spell levels left.
You didn't know any spells.
Your spell library was empty.

Dungeon Overview and Level Annotations

Branches:
Dungeon (5/15)
 Temple: D:4-7

Altars:


Innate Abilities, Weirdness & Mutations

You have very sharp fingernails.
You are mostly covered in sharp spines.
You occasionally lose the ability to drink potions when taking damage.


Message History

The centaur is severely wounded.
The centaur is struck by your spines.
You kill the centaur!
Trog accepts your kill. The orc warrior barely misses you.
You closely miss the orc warrior.
The orc priest miscasts a cantrip.
The orc warrior closely misses you.
You barely miss the orc priest.
The orc priest mumbles some strange prayers to Beogh against you.
Beogh smites you!
You hit the orc priest.
The orc priest is moderately wounded.
The orc warrior hits you with a +0 halberd.
You hit the orc priest.
The orc priest is poisoned.
The orc priest is severely wounded.
The orc priest barely misses you.
The orc warrior is struck by your spines.
The orc warrior misses you.
You puncture the orc priest!
You kill the orc priest!
Trog accepts your kill.
You closely miss the orc warrior.
The orc warrior is lightly wounded.
An orc comes into view. It is wielding a +0 hand axe.
The orc warrior hits you with a +0 halberd!
* * * LOW HITPOINT WARNING * * *
The orc shouts!
You hit the orc warrior.
The orc warrior is poisoned.
The orc warrior is lightly wounded.
The orc warrior closely misses you.
You hit the orc warrior.
The orc warrior looks as sick as possible!
The orc warrior is moderately wounded.
The orc warrior hits you with a +0 halberd!
* * * LOW HITPOINT WARNING * * *
You hit the orc warrior.
The orc warrior is severely wounded.
The orc warrior hits you from afar with a +0 trident!
You die...

.. #' .$ #o
#. ###.##
..#)o# #.
#@# #####.
#)###
oo..o.##o..#
#.'...#
#.#...#
#....#...#
###...####
##... ..#..


You could see 2 orc warriors and an orc.

Vanquished Creatures
  Duvessa (D:4)
  A sky beast (D:5)
  A centaur (D:7)
  A kobold brigand (D:4)
  Dowan (D:4)
  A jelly (D:4)
  3 hounds
  An orc priest (D:7)
  A gnoll (D:3)
  4 adders
  2 shadow imps (D:5)
  2 worms
  4 dart slugs
  6 orcs
  6 bats
  9 endoplasms
  8 goblins
  8 hobgoblins
  8 jackals
  6 kobolds
  3 quokkas
  7 ball pythons
  6 frilled lizards
  A rat (D:1)
91 creatures vanquished.

Notes
Turn   | Place    | Note
-------+----------+-------------------------------------------
     0 | D:1      | dialectric the Demonspawn Berserker began the quest for the
                  | Orb.
     0 | D:1      | Reached XP level 1. HP: 18/18 MP: 1/1
    62 | D:1      | Gained mutation: You are partially covered in sharp spines.
                  | [demonic ancestry]
    62 | D:1      | Reached XP level 2. HP: 17/24 MP: 2/2
   121 | D:1      | Reached skill level 3 in Maces & Flails
   735 | D:2      | Reached XP level 3. HP: 28/29 MP: 3/3
   736 | D:2      | Reached ** piety under Trog
   833 | D:2      | Found a faded altar of an unknown god.
  1169 | D:2      | Gained mutation: You have sharp fingernails. [demonic
                  | ancestry]
  1169 | D:2      | Reached XP level 4. HP: 36/36 MP: 4/4
  1808 | D:3      | Reached skill level 4 in Maces & Flails
  2030 | D:4      | Gained mutation: You have very sharp fingernails. [demonic
                  | ancestry]
  2030 | D:4      | Reached XP level 5. HP: 41/42 MP: 5/5
  2042 | D:4      | Identified the +3 short sword of Bodily Humours {venom,
                  | Int+3}
  2092 | D:4      | Noticed Dowan
  2093 | D:4      | Noticed Duvessa
  2104 | D:4      | Killed Duvessa
  2108 | D:4      | Killed Dowan
  2109 | D:4      | Gained mutation: You are mostly covered in sharp spines.
                  | [demonic ancestry]
  2109 | D:4      | Reached XP level 6. HP: 36/48 MP: 6/6
  2251 | D:4      | Reached *** piety under Trog
  2309 | D:4      | HP: 2/48 [kobold brigand/+0 short sword (3)]
  2733 | D:4      | Gained mutation: You are clumsy. (Dex -2) [potion of
                  | mutation]
  2733 | D:4      | Lost mutation: You are clumsy. (Dex -2) [potion of
                  | mutation]
  2733 | D:4      | Gained mutation: You occasionally lose the ability to drink
                  | potions when taking damage. [potion of mutation]
  2762 | D:5      | Entered Level 5 of the Dungeon
  2856 | D:5      | Reached skill level 1 in Short Blades
  2928 | D:5      | Noticed a sky beast
  2944 | D:5      | Killed a sky beast
  2945 | D:5      | Reached skill level 5 in Maces & Flails
  2945 | D:5      | Reached XP level 7. HP: 46/54 MP: 7/7
  2979 | D:5      | You fall into a shaft and drop 2 floors!
  3015 | D:7      | Slain by an orc warrior

Illustrated notes

Levels and vault maps discovered:
D:1:      grunt_arrival_lava_bath, layout_basic, minivault_5, fountainhead
D:2:      layout_basic, hellmonk_ecumenical_altar_pennies_from_heaven,
          minivault_11, minmay_tripent
D:3:      layout_rooms, minmay_misc_feat_alley, minmay_cupped
D:4:      layout_cave_pools, moated_statue, uniq_duvessa
D:5:      layout_loops_ring, mainiacjoe_overflow_six_doors_small,
          uniq_blork_the_orc
D:7:      kennysheep_housing_project, layout_basic, dk_noncrumbling_3

Skill      XL: |  1  2  3  4  5  6 |
---------------+-------------------+-----
Maces & Flails | 3 4 5 |  5.0
Dodging        | 2 3 |  3.7
Armour         | 2 3 |  3.8
Fighting       | 4 |  4.3
Short Blades   | 1 |  1.9

Action                     |  1- 3 |  4- 6 |  7- 9 || total
---------------------------+-------+-------+-------++-------
  Melee: Mace              |    71 |    54 |       ||   125
         Short sword       |       |    51 |    25 ||    76
         Punch             |       |     1 |       ||     1
 Invoke: Berserk           |       |     2 |     1 ||     3
    Use: Potion            |       |     3 |       ||     3
         Scroll            |       |     2 |       ||     2
   Stab: Sleeping          |     1 |       |       ||     1
 Armour: Animal skin       |     5 |       |       ||     5
         Scale mail        |    38 |    74 |    14 ||   126
  Dodge: Dodged            |    29 |    40 |    17 ||    86

Table legend: (Time is in decaauts)
 A = Elapsed time spent in this place.
 B = Non-inter-level travel time spent in this place.
 C = Inter-level travel time spent in this place.
 D = Time resting spent in this place.
 E = Time spent auto-exploring this place.
 F = Levels seen in this place.
 G = Mean time per level.
                   A        B        C        D        E       F      G
               +--------+--------+--------+--------+--------+-----+--------+
         Total |   3071 |   2914 |    157 |      0 |   2328 |   6 |  511.8 |
       Dungeon |   3071 |   2914 |    157 |      0 |   2328 |   6 |  511.8 |
               +--------+--------+--------+--------+--------+-----+--------+

Top non-repeatable levels by time:
     D:2: 804 daAuts
     D:4: 769 daAuts
     D:1: 742 daAuts
     D:3: 509 daAuts
     D:5: 215 daAuts
     D:7: 30 daAuts
